 Dungeon Crawl Stone Soup version 0.29.1-15-g9cfb28693d (webtiles) character file.

Game seed: 14082141268733254795

63 Heoruswealwe the Conjurer (level 3, -3/18 (19) HPs)
             Began as a Deep Elf Conjurer on Mar 4, 2023.
             Killed by divine providence
             ... invoked by an orc priest
              (14 damage)
             ... on level 3 of the Dungeon.
             The game lasted 00:17:45 (1922 turns).

Heoruswealwe the Conjurer (Deep Elf Conjurer)       Turns: 1922, Time: 00:17:46

HP:   -3/18 (19)    AC:  3    Str:  4    XL:     3   Next: 89%
MP:   19/20         EV: 12    Int: 24    God:
Gold: 138           SH:  0    Dex: 13    Spells: 10/11 levels left

rFire   . . .      SeeInvis .   m - +3 short sword
rCold   . . .      Faith    .   (no shield)
rNeg    . . .      Spirit   .   a - +0 robe
rPois   .          Reflect  .   (no helmet)
rElec   .          Harm     .   (no cloak)
rCorr   .          Rampage  .   h - +0 pair of gloves
Will    .....                   (no boots)
Stlth   +.........              (no amulet)
HPRegen 0.06/turn               c - ring of magical power
MPRegen 0.17/turn               (no ring)

@: confused, drained, fire susceptible
A: no striking features
a: no special abilities


You were on level 3 of the Dungeon.
You visited 1 branch of the dungeon, and saw 3 of its levels.

You collected 138 gold pieces.

Inventory:

Hand Weapons
 m - a +3 short sword (weapon)
Armour
 a - a +0 robe (worn)
 h - a +0 pair of gloves (worn)
Jewellery
 c - a ring of magical power (left hand)
Wands
 b - a wand of light (14)
Scrolls
 f - 2 scrolls of torment {unknown}
 j - a scroll of brand weapon {unknown}
 k - a scroll of amnesia {unknown}
 l - a scroll of noise {unknown}
 n - a scroll of identify
Potions
 d - a potion of flight
 e - a potion of haste
 g - a potion of might
 i - a potion of resistance


   Skills:
 - Level 2.4 Dodging
 - Level 2.4 Stealth
 + Level 4.6 Spellcasting
 + Level 5.3 Conjurations


You had 10 spell levels left.
You knew the following spells:

 Your Spells              Type           Power      Damage    Failure   Level
a - Magic Dart            Conj           100%       1d8       1%          1

Your spell library contained the following spells:

 Spells                   Type           Power      Damage    Failure   Level
 Searing Ray              Conj           62%        2d6       1%          2
 Dazzling Flash           Conj/Hex       36%        N/A       10%         3
 Fulminant Prism          Conj/Hex       9%         3d7       30%         4
 Iskenderun's Mystic Bla  Conj/Tloc      18%        2d6       30%         4


Dungeon Overview and Level Annotations

Branches:
Dungeon (3/15)

Altars:
Ignis

Shops:
D:2 !


Message History

You finish taking off your +0 robe.
You start putting on your armour.
You continue putting on your +0 robe. x5
You finish putting on your +0 robe.
You drop a +0 robe.
Found a stone staircase leading down.
You open the door.
An orc and an orc wizard come into view.
Found a dagger.
Found a stone staircase leading down.
The magic dart hits the orc wizard!
The orc wizard is heavily wounded.
The magic dart hits the orc wizard but does no damage.
The orc wizard is heavily wounded.
The orc wizard points at you and mumbles some strange words.
You are confused.
You hear a shout!
You're too confused to cast spells.
An orc priest comes into view. It is wielding a +0 dagger.
The orc priest shouts!
An orc comes into view. It is wielding a +0 short sword.
There is an open door here.
Okay, then.
The orc wizard mumbles some strange words.
The orc wizard flickers and vanishes!
Deactivating autopickup; reactivate with Ctrl-A.
You are more confused.
You bump into the rock wall.
Something tries to affect you, but you resist.
The orc shouts!
You hear a shout!
The orc shouts!
You bump into the rock wall.
You hear some strange, mumbled words.
Something tries to affect you, but you resist.
You bump into the rock wall.
The orc priest looks encouraged for a moment.
A puff of flame appears from out of thin air!
The puff of flame hits you.
The orc priest calls down the wrath of Beogh upon you.
Beogh smites you!
Ouch! That really hurt!
You die...

####### ## ######
....... .# #....#
....... .# ######.##.#
....... .# #......##.#
...)...
.###......##.####.......
.'..†...........@ooo.>..
.#######.....####.{.....
.# #....#####.......
########................
#.........#####........
#...........# .......
##........†#.# ..#.###
##.......[.#.## .....
##.(.............


You could see an orc priest and 2 orcs.

Vanquished Creatures
  2 worms (D:2)
  A dart slug (D:1)
  3 ball pythons (D:1)
  An endoplasm (D:2)
  A giant cockroach (D:1)
  3 goblins (D:1)
  8 hobgoblins
  6 jackals
  3 quokkas
  5 bats
  3 frilled lizards (D:1)
  5 kobolds
  9 rats
  A spectral hobgoblin (D:3)
51 creatures vanquished.

Notes
Turn   | Place    | Note
-------+----------+-------------------------------------------
     0 | D:1      | Heoruswealwe the Deep Elf Conjurer began the quest for the
                  | Orb.
     0 | D:1      | Reached XP level 1. HP: 10/10 MP: 6/6
   125 | D:1      | Reached XP level 2. HP: 15/15 MP: 3/8
   285 | D:1      | Reached XP level 3. HP: 19/19 MP: 5/10
   303 | D:1      | Reached skill level 5 in Conjurations
   482 | D:2      | Found Ziexufu's Distillery.
  1698 | D:3      | Found a faded altar of an unknown god.
  1721 | D:3      | Prayed at the altar of an unknown god.
  1721 | D:3      | Became a worshipper of Ignis, the Dying Flame
  1723 | D:3      | Fell from the grace of Ignis
  1922 | D:3      | Killed from afar by an orc priest

Illustrated notes

Levels and vault maps discovered:
D:1:      heliophobic_arrival_battle_scene, layout_rooms,
          minmay_rat_gold_closets
D:2:      layout_loops_ring, serial_shops, nicolae_shop_crystal,
          serial_co_window_serial, co_window_corner_a, co_window_paths_b,
          co_window_paths_b, co_window_corner_a, co_window_paths_b,
          co_window_corner_b, co_window_broadway_c, co_window_of_opportunity_c,
          co_window_corner_cb, co_window_broadway_a, co_window_sun,
          co_window_paths_d, glass_columns_c, glass_columns_b, glass_columns_b,
          glass_columns_a
D:3:      layout_basic, dreamdust_ecumenical_altar_drowned_temple,
          minmay_distorted

Skill      XL: |  1  2  3 |
---------------+----------+-----
Spellcasting   | 4 |  4.6
Conjurations   | 5 |  5.3
Dodging        | |  2.4
Stealth        | |  2.4

Action                   || total
-------------------------++-------
Melee: Short sword       ||    11
       Punch             ||     1
 Cast: Magic Dart        ||    88
Invok: Renounce Religion ||     1
  Use: Potion            ||     3
       Scroll            ||     3
Armor: Robe              ||     3
Dodge: Dodged            ||     9
